 Dungeon Crawl Stone Soup version 0.31-a0-960-g0fca184906 (webtiles) character file.

Game seed: 6825436211433604658

513 Dirtsage the Ruffian (level 7, -8/69 HPs)
             Began as an Octopode Shapeshifter on Oct 22, 2023.
             Mangled by a two-headed ogre
             ... wielding a +0 giant club
              (14 damage)
             ... on level 5 of the Dungeon.
             The game lasted 00:05:28 (3001 turns).

Dirtsage the Ruffian (Octopode Shapeshifter)        Turns: 3001, Time: 00:05:28

Health: -8/69      AC: 27    Str: 14    XL:     7   Next: 20%
Magic:  7/7        EV:  2    Int: 12    God:
Gold:   281        SH:  0    Dex: 13    Spells: 6/6 levels left

rFire   . .          .
                       - Unarmed
rCold   . . .        (no shield)
rNeg    . . .        (helmet currently unavailable)
rPois   +            (no amulet)
rElec   .            n - +4 ring of protection
rCorr   .            (no ring)
SInv    .            (no ring)
Will    .....        (no ring)
Stlth   +            (no ring)
HPRegen 0.31/turn    (no ring)
MPRegen 0.10/turn    (no ring)
                     (no ring)

%: no passive effects
@: tree-form
A: stationary, stasis, torment immunity, boosted hp, almost no armour,
(amphibious), 8 rings, (camouflage 1), (gelatinous body 1), (nimble swimmer 1),
(tentacles)
a: no special abilities


You were on level 5 of the Dungeon.
You were a tree.
You visited 1 branch of the dungeon, and saw 5 of its levels.

You collected 281 gold pieces.

Inventory:

Magical Staves
 u - a staff of air
Jewellery
 n - a +4 ring of protection (left branch)
 p - a ring of ice
Talismans
 b - a beast talisman
 c - a flux talisman
Scrolls
 h - a scroll of fog
 j - a scroll of fear {unknown}
 k - 2 scrolls of revelation
 o - a scroll of immolation {unknown}
 r - a scroll of enchant armour {unknown}
 s - a scroll of amnesia {unknown}
 t - 4 scrolls of teleportation
 v - a scroll of noise {unknown}
Potions
 a - 2 potions of lignification
 d - a potion of heal wounds {unknown}
 e - 3 potions of brilliance {unknown}
 f - a potion of resistance {unknown}
 g - a potion of mutation {unknown}
 i - a potion of degeneration {unknown}
 l - a potion of enlightenment {unknown}
 m - a potion of invisibility {unknown}
 q - 2 potions of haste {unknown}


   Skills:
 + Level 3.3 Fighting
 - Level 2.0 Dodging
 * Level 5.4 Unarmed Combat
 * Level 5.1 Shapeshifting


You had 6 spell levels left.
You didn't know any spells.
Your spell library contained the following spells:

 Spells                   Type           Power      Damage    Failure   Level
 Ozocubu's Armour         Ice            0%         N/A       69%         3
 Metabolic Englaciation   Hex/Ice        0%         N/A       100%        5
 Simulacrum               Ice/Necr       0%         N/A       100%        6


Dungeon Overview and Level Annotations

Branches:
Dungeon (5/15)
 Temple: D:4-7

Altars:
Nemelex Xobeh
Vehumet

Annotations:
D:3 3 runed translucent doors, Gergoth's ghost, amateur DjHW


Innate Abilities, Weirdness & Mutations

You are a tree.
Your roots penetrate the ground, keeping you stationary.
You cannot be teleported.
You are immune to unholy pain and torment.
Your maximum health is greatly increased.
You cannot wear most types of armour.
((You are amphibious.))
You can wear up to eight rings at the same time.
((Your skin changes colour to match your surroundings (Stealth+).))
((Your rubbery body absorbs attacks. (AC +1, EV +1)))
((You are camouflaged when in or above water. (Stealth+)))
((You have tentacles for arms and can constrict up to eight enemies at once.))


Message History

No target in view!
A two-headed ogre comes into view.
It is wielding a +0 giant club and a +0 giant spiked club.
The two-headed ogre barely misses you.
The two-headed ogre hits you with a +0 giant spiked club!
You take 12 damage, and have 34/46 hp.
MASSIVE DAMAGE!!
Your transformation has ended.
You turn into a tree.
Your roots penetrate the ground.
A gargoyle comes into view. It is wielding a +0 mace.
You now have 52/69 hp.
You completely miss the two-headed ogre.
The two-headed ogre hits you but does no damage. x2
You hit the two-headed ogre but do no damage.
You smack the two-headed ogre!
The two-headed ogre is moderately wounded.
The two-headed ogre hits you but does no damage.
The two-headed ogre hits you with a +0 giant spiked club.
You take 1 damage, and have 52/69 hp.
You smack the two-headed ogre!
The two-headed ogre is heavily wounded.
The two-headed ogre hits you with a +0 giant club!
The two-headed ogre hits you with a +0 giant spiked club.
You take 19 damage, and have 33/69 hp.
MASSIVE DAMAGE!!
You hit the two-headed ogre.
The two-headed ogre is heavily wounded.
You hit the two-headed ogre.
The two-headed ogre is severely wounded.
The two-headed ogre hits you with a +0 giant club!!
* * * LOW HITPOINT WARNING * * *
The two-headed ogre hits you with a +0 giant spiked club.
* * * LOW HITPOINT WARNING * * *
You take 23 damage, and have 10/69 hp.
MASSIVE DAMAGE!!
You hit the two-headed ogre but do no damage.
You punch the two-headed ogre, but do no damage.
The two-headed ogre is severely wounded.
You hit the two-headed ogre.
The two-headed ogre is severely wounded.
The two-headed ogre hits you with a +0 giant club.
* * * LOW HITPOINT WARNING * * *
The two-headed ogre hits you with a +0 giant spiked club!
You die...

####..PP .......
## ###..###### #
.. #........(#.#
#.#........<..#
..#....##########
................
########.#######
#♣#.#..#
#9.O#.###.#
#.####†#..# #
#.###.# ##.#..#
##.#.# ###.# ..#
.##


You could see a two-headed ogre and a gargoyle.

Vanquished Creatures
  An ogre (D:4)
  2 scorpions
  2 jellies
  An orc priest (D:4)
  An iguana (D:4)
  3 orc wizards
  3 adders
  3 worms
  9 orcs
  3 ball pythons
  6 endoplasms
  9 giant cockroaches
  7 goblins
  8 hobgoblins
  7 jackals
  A quokka (D:4)
  5 bats
  3 frilled lizards
  6 kobolds
  5 rats
85 creatures vanquished.

Notes
Turn   | Place    | Note
-------+----------+-------------------------------------------
     0 | D:1      | Dirtsage the Octopode Shapeshifter began the quest for the
                  | Orb.
     0 | D:1      | Reached XP level 1. HP: 13/13 MP: 1/1
    81 | D:1      | Reached XP level 2. HP: 18/18 MP: 2/2
   701 | D:2      | Reached XP level 3. HP: 23/23 MP: 3/3
   959 | D:2      | Noticed a scorpion
   969 | D:2      | Killed a scorpion
   970 | D:2      | Reached XP level 4. HP: 16/29 MP: 4/4
  1540 | D:3      | Reached XP level 5. HP: 34/34 MP: 5/5
  1974 | D:3      | Found a radiant altar of Vehumet.
  2052 | D:3      | Found a runed translucent gate.
  2052 | D:3      | Found a runed translucent gate.
  2052 | D:3      | Found a runed translucent gate.
  2052 | D:3      | Noticed Gergoth's ghost (amateur DjHW)
  2253 | D:4      | Noticed an ogre
  2291 | D:4      | Reached XP level 6. HP: 38/41 MP: 6/6
  2329 | D:4      | Reached skill level 5 in Unarmed Combat
  2488 | D:4      | Found a sparkling altar of Nemelex Xobeh.
  2502 | D:4      | Reached skill level 5 in Shapeshifting
  2502 | D:4      | Reached XP level 7. HP: 44/46 MP: 7/7
  2874 | D:5      | Entered Level 5 of the Dungeon
  2992 | D:5      | Noticed a two-headed ogre
  2993 | D:5      | Noticed a gargoyle
  3001 | D:5      | Mangled by a two-headed ogre

Illustrated notes

Levels and vault maps discovered:
D:1:      eino_arrival_water_cross, layout_loops_ring
D:2:      layout_loops_ring
D:3:      layout_loops_cross, lemuel_tele_altar, ebering_ghost_rock_garden,
          hex_medium
D:4:      layout_rooms, nemelex_altar_shiori
D:5:      layout_basic, minmay_temple_entry_sparse_star, serial_bayou,
          serial_bayou_pond_a, serial_bayou_pond_b, serial_bayou_shore_a,
          serial_bayou_pond_b, serial_bayou_pond_e, minmay_small_thing

Skill      XL: |  1  2  3  4  5  6 |
---------------+-------------------+-----
Fighting       | 2 3 |  3.3
Unarmed Combat | 4 5 |  5.4
Shapeshifting  | 4 5 |  5.1
Dodging        | |  2.0

Action                     |  1- 3 |  4- 6 |  7- 9 || total
---------------------------+-------+-------+-------++-------
  Melee: Unarmed           |    56 |   101 |    31 ||   188
         Constrict         |    17 |    25 |     8 ||    50
         Tentacles         |    10 |    21 |     8 ||    39
         Punch             |     2 |     2 |     5 ||     9
    Use: Scroll            |       |     3 |       ||     3
         Potion            |       |       |     1 ||     1
   Stab: Sleeping          |     8 |     3 |     1 ||    12
 Armour: Skin              |    15 |    28 |    19 ||    62
  Dodge: Dodged            |    27 |    50 |     7 ||    84

Table legend: (Time is in decaauts)
 A = Elapsed time spent in this place.
 B = Non-inter-level travel time spent in this place.
 C = Inter-level travel time spent in this place.
 D = Time resting spent in this place.
 E = Time spent auto-exploring this place.
 F = Levels seen in this place.
 G = Mean time per level.
                   A        B        C        D        E       F      G
               +--------+--------+--------+--------+--------+-----+--------+
         Total |   2985 |   2876 |    109 |      0 |   2343 |   5 |  597.0 |
       Dungeon |   2985 |   2876 |    109 |      0 |   2343 |   5 |  597.0 |
               +--------+--------+--------+--------+--------+-----+--------+

Top non-repeatable levels by time:
     D:2: 838 daAuts
     D:3: 721 daAuts
     D:1: 691 daAuts
     D:4: 608 daAuts
     D:5: 125 daAuts
